[ AOE2 MATCH · #477797401 ]
UnrankedKoreans vs Persians
[ REPLAY ANALYSIS · EXTRACTED FROM THE RECORDED GAME ]
Feudal
13:21
Castle
24:35
Imperial
—
| APM avg | 26.8 |
| APM peak | 62 |
| eAPM avg | 14.1 |
| Villagers / military | 52 / 6 |
Focus
⚔️ 22.0% · 🌾 78.0%
War Wagon ×6
Feudal
12:07
Castle
17:17
Imperial
—
| APM avg | 34.8 |
| APM peak | 68 |
| eAPM avg | 24.0 |
| Villagers / military | 72 / 23 |
Focus
⚔️ 39.2% · 🌾 60.8%
Camel Archer ×21 · Spearman ×2
Feudal
12:13
Castle
19:26
Imperial
—
| APM avg | 38.4 |
| APM peak | 84 |
| eAPM avg | 13.3 |
| Villagers / military | 58 / 21 |
Focus
⚔️ 28.1% · 🌾 71.9%
Camel Scout ×16 · Scout Cavalry ×3 · Monk ×1 · Knight ×1
Feudal
13:10
Castle
22:27
Imperial
—
| APM avg | 36.7 |
| APM peak | 87 |
| eAPM avg | 13.6 |
| Villagers / military | 37 / 24 |
Focus
⚔️ 16.9% · 🌾 83.1%
Scout Cavalry ×19 · Spearman ×5
Feudal
11:49
Castle
19:29
Imperial
—
| APM avg | 17.3 |
| APM peak | 41 |
| eAPM avg | 10.8 |
| Villagers / military | 56 / 45 |
Focus
⚔️ 31.8% · 🌾 68.2%
Camel Scout ×31 · Scout Cavalry ×7 · Monk ×3 · Knight ×2 · Spearman ×2
Feudal
13:59
Castle
22:52
Imperial
—
| APM avg | 26.7 |
| APM peak | 63 |
| eAPM avg | 15.1 |
| Villagers / military | 28 / 1 |
Focus
⚔️ 32.5% · 🌾 67.5%
Spearman ×1
Match map
Initial resources + every placement click. Lines = walls · curves = elevation contours. ◆ gold · ⬟ stone · ● berries · ✦ relic · ◌ wall gap
Your base· Open — unwalled flank
[RUS-F]vov_chesn's base· Open — unwalled flank
mssguio's base· Open — unwalled flank
XEVER | Peinatequevengo's base· Open — unwalled flank
[RUS-F] Lastman's base· Open — 8t gap
Tiranosaurio's base· Open — 14t gap
Smoothed initial terrain · ◌ = detected wall gap · hover for details
Inputs per minute
— [RUS-F]Mr.Moon - - [RUS-F]vov_chesn
Build order — [RUS-F]Mr.Moon
124 actions detected in the replay
| 0:13 | Build | Town Center |
| 1:19 | Build | House |
| 1:49 | Build | Palisade Wall |
| 1:50 | Build | Palisade Wall |
| 1:52 | Build | Palisade Wall |
| 1:54 | Build | Palisade Wall |
| 2:49 | Create | Villager (Male) |
| 3:08 | Create | Villager (Male) |
| 3:08 | Create | Villager (Male) |
| 3:19 | Create | Villager (Male) |
| 3:19 | Create | Villager (Male) |
| 4:11 | Research | Loom |
| 4:11 | Research | Loom |
| 4:12 | Create | Villager (Male) |
| 4:31 | Create | Villager (Male) |
| 4:31 | Create | Villager (Male) |
| 4:42 | Build | House |
| 5:18 | Create | Villager (Male) |
| 5:21 | Build | House |
| 5:27 | Create | Villager (Male) |
| 6:03 | Build | Lumber Camp |
| 6:09 | Create | Villager (Male) |
| 6:28 | Create | Villager (Male) |
| 6:35 | Create | Villager (Male) |
| 6:37 | Create | Villager (Male) |
| 7:07 | Create | Villager (Male) |
| 7:51 | Create | Villager (Male) |
| 7:55 | Create | Villager (Male) |
| 7:56 | Create | Villager (Male) |
| 8:15 | Create | Villager (Male) |
| 8:34 | Create | Villager (Male) |
| 9:04 | Create | Villager (Male) |
| 9:16 | Build | Mill |
| 11:11 | Research | Feudal Age |
| 11:23 | Build | Mining Camp |
| 11:27 | Create | Villager (Male) |
| 11:31 | Build | House |
| 11:46 | Create | Villager (Male) |
| 12:16 | Create | Villager (Male) |
| 12:58 | Create | Villager (Male) |
| 13:21 | Age | Feudal Age |
| 13:23 | Build | Watch Tower |
| 13:32 | Create | Villager (Male) |
| 14:00 | Build | House |
| 14:01 | Create | Villager (Male) |
| 14:18 | Build | Watch Tower |
| 14:20 | Create | Villager (Male) |
| 14:29 | Build | Blacksmith |
| 14:34 | Build | Palisade Wall |
| 14:35 | Build | Palisade Wall |
| 14:36 | Build | Palisade Wall |
| 14:39 | Create | Villager (Male) |
| 14:50 | Create | Villager (Male) |
| 15:27 | Build | Watch Tower |
| 15:29 | Create | Villager (Male) |
| 15:42 | Build | Outpost |
| 15:43 | Build | Outpost |
| 15:44 | Build | Outpost |
| 15:46 | Create | Villager (Male) |
| 16:07 | Research | Fletching |
| 16:48 | Create | Villager (Male) |
| 16:58 | Build | Mill |
| 17:25 | Build | Stone Wall |
| 17:26 | Build | Stone Wall |
| 17:30 | Build | Stone Wall |
| 17:32 | Build | Stone Wall |
| 17:33 | Build | Stone Wall |
| 17:34 | Build | Stone Wall |
| 17:39 | Build | Watch Tower |
| 17:54 | Create | Villager (Male) |
| 18:02 | Build | Mill |
| 18:03 | Build | House |
| 18:06 | Create | Villager (Male) |
| 18:29 | Build | Palisade Wall |
| 18:30 | Build | Palisade Wall |
| 18:30 | Build | Palisade Wall |
| 18:31 | Build | Palisade Wall |
| 18:47 | Build | Watch Tower |
| 18:54 | Create | Villager (Male) |
| 19:14 | Create | Villager (Male) |
| 19:45 | Create | Villager (Male) |
| 20:09 | Create | Villager (Male) |
| 20:20 | Build | Mining Camp |
| 20:36 | Build | Market |
| 20:38 | Build | Palisade Wall |
| 20:55 | Build | House |
| 21:38 | Build | Watch Tower |
| 21:39 | Create | Villager (Male) |
| 21:53 | Research | Castle Age |
| 22:05 | Create | Villager (Male) |
| 22:14 | Research | Double-Bit Axe |
| 22:14 | Research | Double-Bit Axe |
| 22:38 | Build | Watch Tower |
| 23:04 | Build | Watch Tower |
| 23:19 | Build | Lumber Camp |
| 23:52 | Build | Palisade Wall |
| 23:55 | Build | House |
| 24:21 | Create | Villager (Male) |
| 24:35 | Age | Castle Age |
| 24:39 | Create | Villager (Male) |
| 24:49 | Build | Castle |
| 25:04 | Build | Mining Camp |
| 25:11 | Create | Villager (Male) |
| 25:27 | Create | Villager (Male) |
| 25:28 | Create | Villager (Male) |
| 25:39 | Create | Villager (Male) |
| 25:53 | Create | War Wagon |
| 25:53 | Create | War Wagon |
| 26:08 | Build | Town Center |
| 26:11 | Create | Villager (Male) |
| 26:21 | Create | Villager (Male) |
| 26:24 | Research | Gold Mining |
| 26:26 | Create | Villager (Male) |
| 26:36 | Create | Villager (Male) |
| 26:48 | Build | Mill |
| 27:02 | Create | Villager (Male) |
| 27:08 | Create | War Wagon |
| 27:08 | Create | War Wagon |
| 27:38 | Build | Stone Wall |
| 27:40 | Build | Stone Wall |
| 27:42 | Build | Stone Wall |
| 27:43 | Build | Stone Wall |
| 27:50 | Create | War Wagon |
| 27:50 | Create | War Wagon |
Build order — [RUS-F]vov_chesn
First 150 of 152 actions detected
| 0:10 | Build | Town Center |
| 2:14 | Build | House |
| 2:24 | Create | Villager (Male) |
| 2:24 | Create | Villager (Male) |
| 2:25 | Create | Villager (Male) |
| 2:57 | Create | Villager (Male) |
| 2:58 | Create | Villager (Male) |
| 3:56 | Create | Villager (Male) |
| 3:56 | Create | Villager (Male) |
| 3:56 | Create | Villager (Male) |
| 3:57 | Build | House |
| 4:29 | Create | Villager (Male) |
| 4:29 | Create | Villager (Male) |
| 4:29 | Create | Villager (Male) |
| 4:36 | Build | Lumber Camp |
| 4:47 | Create | Villager (Male) |
| 4:47 | Create | Villager (Male) |
| 5:20 | Create | Villager (Male) |
| 5:20 | Create | Villager (Male) |
| 5:21 | Create | Villager (Male) |
| 5:39 | Create | Villager (Male) |
| 5:39 | Create | Villager (Male) |
| 6:09 | Research | Loom |
| 6:09 | Research | Loom |
| 6:09 | Research | Loom |
| 6:13 | Create | Villager (Male) |
| 6:13 | Create | Villager (Male) |
| 6:28 | Build | House |
| 6:37 | Create | Villager (Male) |
| 6:37 | Create | Villager (Male) |
| 6:54 | Create | Villager (Male) |
| 7:33 | Build | Mill |
| 7:46 | Create | Villager (Male) |
| 7:48 | Create | Villager (Male) |
| 8:32 | Create | Villager (Male) |
| 8:44 | Build | Mill |
| 8:46 | Create | Villager (Male) |
| 9:03 | Build | Mill |
| 9:20 | Create | Villager (Male) |
| 9:31 | Build | House |
| 9:57 | Research | Feudal Age |
| 9:57 | Research | Feudal Age |
| 10:07 | Build | Mining Camp |
| 10:18 | Create | Villager (Male) |
| 10:18 | Create | Villager (Male) |
| 11:00 | Create | Villager (Male) |
| 11:25 | Build | House |
| 12:07 | Age | Feudal Age |
| 12:12 | Build | Blacksmith |
| 12:51 | Create | Villager (Male) |
| 13:05 | Create | Villager (Male) |
| 13:36 | Create | Villager (Male) |
| 13:43 | Build | Market |
| 14:09 | Create | Villager (Male) |
| 14:33 | Research | Castle Age |
| 14:33 | Research | Castle Age |
| 14:45 | Create | Villager (Male) |
| 15:02 | Create | Villager (Male) |
| 15:27 | Build | House |
| 15:59 | Create | Villager (Male) |
| 16:18 | Create | Villager (Male) |
| 16:56 | Build | Barracks |
| 17:17 | Age | Castle Age |
| 17:24 | Build | Castle |
| 17:34 | Create | Villager (Male) |
| 18:09 | Create | Spearman |
| 18:09 | Create | Spearman |
| 18:17 | Build | Palisade Wall |
| 18:18 | Build | Palisade Wall |
| 18:20 | Build | Palisade Wall |
| 18:22 | Build | Palisade Wall |
| 18:29 | Build | Palisade Wall |
| 18:30 | Build | Palisade Wall |
| 18:33 | Build | Palisade Wall |
| 18:35 | Build | Palisade Wall |
| 18:36 | Build | Palisade Wall |
| 18:37 | Build | Palisade Wall |
| 18:39 | Build | Palisade Wall |
| 18:44 | Create | Villager (Male) |
| 18:56 | Create | Villager (Male) |
| 19:04 | Create | Villager (Male) |
| 19:10 | Create | Camel Archer |
| 19:47 | Create | Camel Archer |
| 19:52 | Create | Villager (Male) |
| 20:00 | Create | Villager (Male) |
| 20:22 | Build | Town Center |
| 20:51 | Create | Villager (Male) |
| 21:30 | Create | Villager (Male) |
| 21:31 | Create | Villager (Male) |
| 21:52 | Create | Villager (Male) |
| 21:59 | Create | Camel Archer |
| 22:00 | Create | Camel Archer |
| 22:20 | Create | Villager (Male) |
| 22:31 | Create | Camel Archer |
| 22:31 | Create | Camel Archer |
| 22:42 | Build | Town Center |
| 22:54 | Create | Villager (Male) |
| 23:07 | Create | Villager (Male) |
| 23:10 | Create | Villager (Male) |
| 23:10 | Create | Villager (Male) |
| 23:15 | Create | Camel Archer |
| 23:36 | Create | Camel Archer |
| 23:36 | Create | Villager (Male) |
| 23:40 | Create | Villager (Male) |
| 23:40 | Create | Villager (Male) |
| 23:55 | Create | Camel Archer |
| 23:55 | Create | Camel Archer |
| 23:59 | Create | Villager (Male) |
| 24:17 | Create | Camel Archer |
| 24:27 | Build | Farm |
| 24:46 | Create | Camel Archer |
| 24:47 | Create | Villager (Male) |
| 24:48 | Create | Villager (Male) |
| 25:00 | Create | Camel Archer |
| 25:06 | Create | Camel Archer |
| 25:29 | Build | Farm |
| 25:30 | Build | Farm |
| 25:32 | Build | Farm |
| 25:33 | Build | Farm |
| 25:39 | Create | Villager (Male) |
| 25:47 | Build | Farm |
| 26:14 | Build | Farm |
| 26:15 | Build | Farm |
| 26:16 | Create | Camel Archer |
| 26:22 | Build | Farm |
| 26:22 | Create | Villager (Male) |
| 26:24 | Build | Farm |
| 26:27 | Build | Farm |
| 26:27 | Build | Farm |
| 26:32 | Create | Camel Archer |
| 26:34 | Create | Villager (Male) |
| 26:35 | Create | Villager (Male) |
| 26:44 | Build | Farm |
| 26:45 | Build | Farm |
| 26:52 | Build | Farm |
| 26:53 | Create | Villager (Male) |
| 27:00 | Create | Camel Archer |
| 27:00 | Create | Camel Archer |
| 27:13 | Create | Villager (Male) |
| 27:34 | Create | Villager (Male) ×3 |
| 27:39 | Research | Fletching |
| 27:44 | Create | Villager (Male) |
| 27:45 | Create | Villager (Male) |
| 27:45 | Create | Camel Archer |
| 27:46 | Create | Camel Archer |
| 27:46 | Create | Camel Archer |
| 27:52 | Build | Farm |
| 27:53 | Build | Farm |
| 27:55 | Create | Villager (Male) |
| 27:59 | Build | House |
Build order — mssguio
First 150 of 155 actions detected
| 0:43 | Build | Town Center |
| 1:37 | Build | House |
| 1:43 | Build | House |
| 1:45 | Build | Lumber Camp |
| 2:52 | Build | House |
| 2:54 | Build | Lumber Camp |
| 3:00 | Create | Villager (Male) |
| 3:01 | Create | Villager (Male) |
| 3:01 | Create | Villager (Male) |
| 3:01 | Create | Villager (Male) |
| 3:02 | Create | Villager (Male) |
| 3:02 | Create | Villager (Male) |
| 4:32 | Create | Villager (Male) |
| 4:40 | Build | House |
| 4:44 | Build | Palisade Wall |
| 4:44 | Build | Palisade Wall |
| 4:59 | Create | Villager (Male) |
| 5:24 | Create | Villager (Male) |
| 5:40 | Create | Villager (Male) |
| 6:04 | Create | Villager (Male) |
| 6:31 | Create | Villager (Male) |
| 6:35 | Build | Mill |
| 6:58 | Create | Villager (Male) |
| 7:20 | Create | Villager (Male) |
| 7:34 | Build | House |
| 7:49 | Create | Villager (Male) |
| 7:53 | Create | Villager (Male) |
| 8:09 | Create | Villager (Male) |
| 8:32 | Create | Villager (Male) |
| 8:58 | Research | Loom |
| 10:10 | Research | Feudal Age |
| 10:25 | Build | Barracks |
| 10:26 | Build | House |
| 10:28 | Build | Palisade Wall |
| 10:29 | Build | Palisade Wall |
| 10:30 | Build | Palisade Wall |
| 10:50 | Build | Palisade Wall |
| 10:50 | Build | Palisade Wall |
| 10:51 | Build | Palisade Wall |
| 10:52 | Build | Palisade Wall |
| 10:52 | Build | Palisade Wall |
| 10:53 | Build | Palisade Wall |
| 10:54 | Build | Palisade Wall |
| 10:55 | Build | Palisade Wall |
| 10:55 | Build | Palisade Wall |
| 10:56 | Build | Palisade Wall |
| 10:57 | Build | Palisade Wall |
| 11:06 | Create | Villager (Male) |
| 12:13 | Age | Feudal Age |
| 12:18 | Build | Stable |
| 12:21 | Build | Palisade Wall |
| 12:22 | Build | Palisade Wall |
| 12:22 | Build | Palisade Wall |
| 12:30 | Research | Double-Bit Axe |
| 12:31 | Create | Villager (Male) |
| 12:45 | Build | Palisade Gate |
| 12:46 | Build | Palisade Wall |
| 12:51 | Create | Villager (Male) |
| 13:02 | Build | Palisade Wall |
| 13:03 | Build | Palisade Wall |
| 13:03 | Build | Palisade Wall |
| 13:06 | Build | Palisade Wall |
| 13:16 | Create | Villager (Male) |
| 13:18 | Create | Scout Cavalry |
| 13:32 | Create | Villager (Male) |
| 14:02 | Create | Villager (Male) |
| 14:16 | Build | Mining Camp |
| 14:27 | Create | Villager (Male) |
| 14:33 | Create | Villager (Male) |
| 14:43 | Create | Scout Cavalry |
| 14:58 | Create | Scout Cavalry |
| 15:09 | Create | Villager (Male) |
| 15:16 | Build | House |
| 15:27 | Research | Town Watch |
| 15:39 | Build | Market |
| 15:52 | Create | Villager (Male) |
| 16:10 | Build | House |
| 16:15 | Create | Villager (Male) |
| 17:00 | Research | Castle Age |
| 17:07 | Build | Mill |
| 17:16 | Research | Gold Mining |
| 17:23 | Build | Stable |
| 18:11 | Research | Bloodlines |
| 18:21 | Create | Villager (Male) |
| 18:55 | Build | Watch Tower |
| 19:17 | Build | Blacksmith |
| 19:26 | Age | Castle Age |
| 19:33 | Create | Camel Scout |
| 19:38 | Create | Camel Scout |
| 19:40 | Create | Villager (Male) |
| 19:42 | Build | Town Center |
| 19:54 | Create | Villager (Male) |
| 19:58 | Create | Camel Scout |
| 20:05 | Research | Scale Barding Armor |
| 20:20 | Create | Camel Scout |
| 20:26 | Create | Camel Scout |
| 20:27 | Create | Villager (Male) |
| 20:31 | Build | House |
| 20:53 | Create | Villager (Male) |
| 20:56 | Create | Camel Scout |
| 20:56 | Create | Camel Scout |
| 21:17 | Create | Villager (Male) |
| 21:25 | Create | Camel Scout |
| 21:25 | Create | Camel Scout |
| 21:47 | Create | Villager (Male) |
| 21:53 | Build | House |
| 22:03 | Create | Villager (Male) |
| 22:05 | Build | Monastery |
| 22:18 | Create | Camel Scout |
| 22:18 | Create | Camel Scout |
| 22:36 | Build | Farm |
| 22:36 | Build | Farm |
| 22:37 | Build | Farm |
| 22:39 | Create | Villager (Male) |
| 22:46 | Create | Monk |
| 22:50 | Build | Farm |
| 22:51 | Build | Farm |
| 22:51 | Build | Farm |
| 22:54 | Create | Villager (Male) |
| 22:54 | Create | Villager (Male) |
| 23:02 | Research | Horse Collar |
| 23:10 | Create | Camel Scout |
| 23:25 | Create | Villager (Male) |
| 23:58 | Create | Villager (Male) |
| 24:11 | Build | Town Center |
| 24:19 | Create | Villager (Male) |
| 24:20 | Create | Villager (Male) |
| 24:29 | Create | Camel Scout |
| 24:39 | Build | House |
| 24:46 | Create | Villager (Male) |
| 24:52 | Build | Farm |
| 24:54 | Build | Farm |
| 25:05 | Build | House |
| 25:09 | Create | Villager (Male) |
| 25:17 | Create | Camel Scout |
| 25:18 | Create | Villager (Male) |
| 25:18 | Create | Villager (Male) |
| 25:36 | Build | Farm |
| 25:37 | Build | Farm |
| 25:37 | Build | Farm |
| 25:37 | Build | Farm |
| 25:37 | Build | Farm |
| 25:55 | Create | Villager (Male) |
| 25:59 | Create | Knight |
| 26:04 | Create | Camel Scout |
| 26:04 | Create | Camel Scout |
| 26:19 | Create | Villager (Male) |
| 26:19 | Create | Villager (Male) |
| 26:28 | Create | Villager (Male) |
| 26:52 | Create | Villager (Male) |
Build order — XEVER | Peinatequevengo
88 actions detected in the replay
| 0:05 | Build | Town Center |
| 0:36 | Build | Town Center |
| 2:53 | Create | Villager (Male) |
| 2:53 | Create | Villager (Male) |
| 2:53 | Create | Villager (Male) |
| 2:54 | Create | Villager (Male) |
| 3:46 | Research | Loom |
| 3:50 | Build | House |
| 4:15 | Create | Villager (Male) |
| 4:15 | Create | Villager (Male) |
| 4:15 | Create | Villager (Male) |
| 4:55 | Create | Villager (Male) |
| 4:56 | Create | Villager (Male) |
| 5:34 | Build | House |
| 5:55 | Create | Villager (Male) |
| 5:56 | Create | Villager (Male) |
| 6:20 | Create | Villager (Male) |
| 6:20 | Create | Villager (Male) |
| 6:40 | Create | Villager (Male) |
| 6:40 | Create | Villager (Male) |
| 7:06 | Build | Lumber Camp |
| 7:27 | Create | Villager (Male) |
| 7:43 | Build | House |
| 8:13 | Create | Villager (Male) |
| 8:13 | Create | Villager (Male) |
| 8:59 | Create | Villager (Male) |
| 9:26 | Create | Villager (Male) |
| 9:51 | Build | Mill |
| 9:56 | Create | Villager (Male) |
| 9:56 | Create | Villager (Male) |
| 10:32 | Create | Villager (Male) |
| 10:39 | Build | House |
| 11:00 | Research | Feudal Age |
| 11:00 | Research | Feudal Age |
| 12:29 | Build | Barracks |
| 13:10 | Age | Feudal Age |
| 13:12 | Create | Villager (Male) |
| 13:12 | Create | Villager (Male) |
| 13:18 | Build | House |
| 13:23 | Build | Palisade Wall |
| 13:24 | Build | Palisade Wall |
| 13:25 | Build | Palisade Wall |
| 13:28 | Build | Palisade Wall |
| 13:30 | Build | Palisade Wall |
| 13:30 | Build | Palisade Wall |
| 13:31 | Build | Palisade Wall |
| 13:42 | Create | Spearman |
| 13:42 | Create | Spearman |
| 14:16 | Create | Spearman |
| 14:20 | Create | Villager (Male) |
| 14:20 | Create | Villager (Male) |
| 14:51 | Build | House |
| 15:16 | Build | Mill |
| 15:21 | Create | Spearman |
| 15:22 | Create | Spearman |
| 15:36 | Create | Villager (Male) |
| 15:36 | Create | Villager (Male) |
| 16:46 | Build | Stable |
| 16:59 | Create | Villager (Male) |
| 17:00 | Create | Villager (Male) |
| 17:49 | Create | Scout Cavalry ×5 |
| 17:49 | Create | Scout Cavalry ×5 |
| 18:13 | Build | House |
| 18:43 | Build | Market |
| 19:09 | Build | House |
| 19:22 | Create | Villager (Male) |
| 19:22 | Create | Villager (Male) |
| 19:42 | Research | Castle Age |
| 19:42 | Research | Castle Age |
| 19:49 | Research | Double-Bit Axe |
| 20:22 | Build | Mill |
| 20:43 | Build | Farm |
| 21:21 | Build | Lumber Camp |
| 21:58 | Create | Scout Cavalry |
| 21:59 | Create | Scout Cavalry |
| 22:25 | Build | House |
| 22:27 | Age | Castle Age |
| 22:32 | Research | Light Cavalry (upgrade) |
| 22:41 | Create | Villager (Male) |
| 22:42 | Create | Villager (Male) |
| 23:34 | Build | Farm |
| 23:49 | Create | Scout Cavalry ×5 |
| 24:46 | Build | Mining Camp |
| 25:43 | Build | Mining Camp |
| 25:44 | Create | Villager (Male) |
| 25:45 | Create | Villager (Male) |
| 25:58 | Create | Scout Cavalry ×2 |
| 26:14 | Build | Farm |
Build order — [RUS-F] Lastman
First 150 of 159 actions detected
| 0:06 | Build | Town Center |
| 2:17 | Build | House |
| 2:18 | Build | House |
| 2:19 | Create | Villager (Male) |
| 2:19 | Create | Villager (Male) |
| 2:20 | Create | Villager (Male) |
| 2:20 | Create | Villager (Male) |
| 2:20 | Create | Villager (Male) |
| 2:21 | Create | Villager (Male) |
| 3:42 | Create | Villager (Male) |
| 3:42 | Create | Villager (Male) |
| 4:35 | Create | Villager (Male) |
| 4:35 | Create | Villager (Male) |
| 4:36 | Create | Villager (Male) |
| 5:31 | Create | Villager (Male) |
| 5:31 | Create | Villager (Male) |
| 5:32 | Create | Villager (Male) |
| 6:04 | Build | House |
| 6:06 | Build | House |
| 6:24 | Build | Mill |
| 6:41 | Create | Villager (Male) |
| 6:54 | Create | Villager (Male) |
| 7:20 | Create | Villager (Male) |
| 7:31 | Create | Villager (Male) |
| 8:15 | Create | Villager (Male) |
| 8:42 | Build | Barracks |
| 8:44 | Create | Villager (Male) |
| 8:47 | Research | Loom |
| 9:17 | Build | Mill |
| 9:35 | Create | Villager (Male) |
| 9:45 | Research | Feudal Age |
| 10:48 | Create | Villager (Male) |
| 11:49 | Age | Feudal Age |
| 11:53 | Build | Stable |
| 12:06 | Build | Lumber Camp |
| 12:13 | Create | Villager (Male) |
| 12:18 | Build | House |
| 12:21 | Build | House |
| 12:34 | Create | Scout Cavalry |
| 12:34 | Create | Scout Cavalry |
| 12:34 | Create | Scout Cavalry |
| 12:49 | Create | Villager (Male) |
| 13:05 | Create | Scout Cavalry |
| 13:21 | Build | Mill |
| 13:32 | Create | Villager (Male) |
| 14:00 | Create | Villager (Male) |
| 14:22 | Create | Villager (Male) |
| 14:25 | Research | Double-Bit Axe |
| 14:58 | Create | Villager (Male) |
| 14:59 | Create | Villager (Male) |
| 15:05 | Create | Spearman |
| 15:40 | Create | Villager (Male) |
| 15:47 | Build | House |
| 15:49 | Build | Blacksmith |
| 15:56 | Create | Villager (Male) |
| 16:27 | Create | Villager (Male) |
| 16:40 | Create | Spearman |
| 17:04 | Research | Castle Age |
| 17:21 | Build | House |
| 17:23 | Build | Stable |
| 17:45 | Create | Scout Cavalry |
| 17:45 | Create | Scout Cavalry |
| 17:46 | Create | Scout Cavalry |
| 17:55 | Build | Farm |
| 17:55 | Build | Farm |
| 17:55 | Build | Farm |
| 17:58 | Research | Horse Collar |
| 18:11 | Create | Villager (Male) |
| 18:34 | Build | Farm |
| 18:57 | Build | Farm |
| 19:09 | Build | Farm |
| 19:17 | Research | Scale Barding Armor |
| 19:29 | Age | Castle Age |
| 19:36 | Create | Camel Scout |
| 19:36 | Create | Camel Scout |
| 19:39 | Create | Villager (Male) |
| 19:53 | Build | Farm |
| 19:54 | Create | Villager (Male) |
| 20:00 | Build | Farm |
| 20:17 | Create | Knight |
| 20:17 | Create | Knight |
| 20:57 | Research | Bloodlines |
| 20:58 | Create | Camel Scout |
| 20:58 | Create | Camel Scout |
| 20:58 | Create | Camel Scout |
| 20:59 | Create | Camel Scout |
| 21:25 | Build | Farm |
| 21:34 | Build | Town Center |
| 21:46 | Create | Villager (Male) |
| 21:46 | Create | Villager (Male) |
| 21:51 | Build | Monastery |
| 22:06 | Research | Forging |
| 22:08 | Create | Villager (Male) |
| 22:08 | Create | Villager (Male) |
| 22:12 | Build | Farm |
| 22:28 | Create | Villager (Male) |
| 22:46 | Create | Monk |
| 22:46 | Create | Monk |
| 22:51 | Build | Farm |
| 22:56 | Build | Farm |
| 23:01 | Create | Camel Scout |
| 23:01 | Create | Camel Scout |
| 23:01 | Create | Camel Scout |
| 23:22 | Build | Farm |
| 23:37 | Create | Camel Scout |
| 23:37 | Create | Camel Scout |
| 23:50 | Create | Villager (Male) |
| 23:50 | Create | Villager (Male) |
| 24:00 | Research | Town Watch |
| 24:04 | Create | Camel Scout |
| 24:05 | Create | Camel Scout |
| 24:05 | Create | Camel Scout |
| 24:11 | Create | Villager (Male) |
| 24:12 | Create | Villager (Male) |
| 24:12 | Create | Villager (Male) |
| 24:15 | Build | Farm |
| 24:21 | Build | Mining Camp |
| 24:29 | Create | Villager (Male) |
| 24:29 | Create | Villager (Male) |
| 24:42 | Create | Camel Scout |
| 24:42 | Create | Camel Scout |
| 24:45 | Create | Villager (Male) |
| 24:45 | Create | Villager (Male) |
| 24:49 | Build | Farm |
| 25:16 | Build | Farm |
| 25:22 | Create | Villager (Male) |
| 25:29 | Create | Camel Scout |
| 25:29 | Create | Camel Scout |
| 25:30 | Create | Camel Scout |
| 25:35 | Create | Camel Scout |
| 25:35 | Create | Camel Scout |
| 25:37 | Create | Villager (Male) |
| 25:37 | Create | Villager (Male) |
| 25:45 | Build | House |
| 25:46 | Build | House |
| 25:48 | Build | House |
| 25:57 | Research | Gold Mining |
| 26:27 | Create | Villager (Male) |
| 26:28 | Create | Villager (Male) |
| 26:56 | Build | Farm |
| 26:59 | Research | Chain Barding Armor |
| 27:03 | Research | Husbandry |
| 27:04 | Create | Camel Scout |
| 27:08 | Build | House |
| 27:09 | Build | House |
| 27:11 | Build | House |
| 27:16 | Create | Camel Scout |
| 27:16 | Create | Camel Scout |
| 27:16 | Create | Camel Scout |
| 27:22 | Build | Farm |
Build order — Tiranosaurio
72 actions detected in the replay
| 0:25 | Build | Town Center |
| 1:37 | Build | House |
| 2:32 | Build | Palisade Wall |
| 2:33 | Build | Palisade Wall |
| 2:46 | Build | Palisade Wall |
| 2:47 | Build | Palisade Wall |
| 2:52 | Create | Villager (Male) |
| 2:52 | Create | Villager (Male) |
| 2:52 | Create | Villager (Male) |
| 2:53 | Create | Villager (Male) |
| 2:53 | Create | Villager (Male) |
| 3:55 | Create | Villager (Male) |
| 4:26 | Research | Loom |
| 4:27 | Create | Villager (Male) |
| 4:27 | Create | Villager (Male) |
| 4:28 | Create | Villager (Male) |
| 4:51 | Create | Villager (Male) |
| 4:51 | Create | Villager (Male) |
| 5:00 | Create | Villager (Male) |
| 5:22 | Create | Villager (Male) |
| 5:52 | Build | House |
| 6:20 | Build | Lumber Camp |
| 7:09 | Create | Villager (Male) |
| 7:27 | Build | House |
| 7:32 | Create | Villager (Male) |
| 7:56 | Create | Villager (Male) |
| 8:24 | Create | Villager (Male) |
| 8:41 | Create | Villager (Male) |
| 9:01 | Build | Mill |
| 9:06 | Build | Mill |
| 9:10 | Create | Villager (Male) |
| 9:17 | Create | Villager (Male) |
| 9:22 | Build | House |
| 10:39 | Create | Villager (Male) |
| 10:41 | Build | House |
| 11:14 | Build | Palisade Wall |
| 11:16 | Build | Palisade Wall |
| 11:24 | Create | Villager (Male) |
| 11:29 | Build | Mill |
| 11:33 | Research | Feudal Age |
| 11:46 | Build | Palisade Wall |
| 12:56 | Build | Mining Camp |
| 13:04 | Create | Villager (Male) |
| 13:59 | Age | Feudal Age |
| 14:20 | Build | Barracks |
| 14:22 | Build | Palisade Wall |
| 15:26 | Create | Spearman |
| 15:33 | Create | Villager (Male) |
| 15:40 | Build | Blacksmith |
| 15:55 | Build | Watch Tower |
| 16:04 | Research | Double-Bit Axe |
| 16:05 | Research | Double-Bit Axe |
| 16:05 | Create | Villager (Male) |
| 16:15 | Build | Palisade Wall |
| 16:16 | Build | Palisade Wall |
| 17:48 | Create | Villager (Male) |
| 17:57 | Build | Market |
| 18:09 | Build | Stable |
| 18:12 | Build | Palisade Wall |
| 18:31 | Create | Villager (Male) |
| 20:04 | Build | Palisade Wall |
| 20:12 | Research | Castle Age |
| 20:13 | Research | Castle Age |
| 20:22 | Build | Mining Camp |
| 20:32 | Build | House |
| 20:42 | Build | House |
| 20:46 | Build | Palisade Wall |
| 22:14 | Build | Watch Tower |
| 22:48 | Create | Villager (Male) |
| 22:52 | Age | Castle Age |
| 24:43 | Build | Palisade Wall |
| 26:48 | Build | Castle |
Match timeline
| 1:49 | [RUS-F]Mr.Moon · wall_segment Palisade Wall x1 |
| 1:50 | [RUS-F]Mr.Moon · wall_segment Palisade Wall x1 |
| 1:52 | [RUS-F]Mr.Moon · wall_segment Palisade Wall x1 |
| 1:54 | [RUS-F]Mr.Moon · wall_segment Palisade Wall x1 |
| 2:32 | Tiranosaurio · wall_segment Palisade Wall x1 |
| 2:33 | Tiranosaurio · wall_segment Palisade Wall x1 |
| 2:46 | Tiranosaurio · wall_segment Palisade Wall x1 |
| 2:47 | Tiranosaurio · wall_segment Palisade Wall x1 |
| 4:44 | mssguio · wall_segment Palisade Wall x1 |
| 4:44 | mssguio · wall_segment Palisade Wall x1 |
| 8:42 | [RUS-F] Lastman · first_building Barracks |
| 10:25 | mssguio · first_building Barracks |
| 10:28 | mssguio · wall_segment Palisade Wall x1 |
| 10:29 | mssguio · wall_segment Palisade Wall x1 |
| 10:30 | mssguio · wall_segment Palisade Wall x1 |
| 10:50 | mssguio · wall_segment Palisade Wall x1 |
| 10:50 | mssguio · wall_segment Palisade Wall x1 |
| 10:51 | mssguio · wall_segment Palisade Wall x1 |
| 10:52 | mssguio · wall_segment Palisade Wall x1 |
| 10:52 | mssguio · wall_segment Palisade Wall x1 |
| 10:53 | mssguio · wall_segment Palisade Wall x1 |
| 10:54 | mssguio · wall_segment Palisade Wall x1 |
| 10:55 | mssguio · wall_segment Palisade Wall x1 |
| 10:55 | mssguio · wall_segment Palisade Wall x1 |
| 10:56 | mssguio · wall_segment Palisade Wall x1 |
| 10:57 | mssguio · wall_segment Palisade Wall x1 |
| 11:14 | Tiranosaurio · wall_segment Palisade Wall x1 |
| 11:16 | Tiranosaurio · wall_segment Palisade Wall x1 |
| 11:46 | Tiranosaurio · wall_segment Palisade Wall x1 |
| 11:49 | [RUS-F] Lastman · age_up feudal |
| 11:53 | [RUS-F] Lastman · first_building Stable |
| 12:07 | [RUS-F]vov_chesn · age_up feudal |
| 12:13 | mssguio · age_up feudal |
| 12:18 | mssguio · first_building Stable |
| 12:21 | mssguio · wall_segment Palisade Wall x1 |
| 12:22 | mssguio · wall_segment Palisade Wall x1 |
| 12:22 | mssguio · wall_segment Palisade Wall x1 |
| 12:29 | XEVER | Peinatequevengo · first_building Barracks |
| 12:46 | mssguio · wall_segment Palisade Wall x1 |
| 13:02 | mssguio · wall_segment Palisade Wall x1 |
| 13:03 | mssguio · wall_segment Palisade Wall x1 |
| 13:03 | mssguio · wall_segment Palisade Wall x1 |
| 13:06 | mssguio · wall_segment Palisade Wall x1 |
| 13:10 | XEVER | Peinatequevengo · age_up feudal |
| 13:21 | [RUS-F]Mr.Moon · age_up feudal |
| 13:23 | XEVER | Peinatequevengo · wall_segment Palisade Wall x1 |
| 13:24 | XEVER | Peinatequevengo · wall_segment Palisade Wall x1 |
| 13:25 | XEVER | Peinatequevengo · wall_segment Palisade Wall x1 |
| 13:28 | XEVER | Peinatequevengo · wall_segment Palisade Wall x1 |
| 13:30 | XEVER | Peinatequevengo · wall_segment Palisade Wall x1 |
| 13:30 | XEVER | Peinatequevengo · wall_segment Palisade Wall x1 |
| 13:31 | XEVER | Peinatequevengo · wall_segment Palisade Wall x1 |
| 13:59 | Tiranosaurio · age_up feudal |
| 14:20 | Tiranosaurio · first_building Barracks |
| 14:22 | Tiranosaurio · wall_segment Palisade Wall x1 |
| 14:30 | [RUS-F]vov_chesn · first_market_sell 100 stone |
| 14:34 | [RUS-F]Mr.Moon · wall_segment Palisade Wall x1 |
| 14:35 | [RUS-F]Mr.Moon · wall_segment Palisade Wall x1 |
| 14:36 | [RUS-F]Mr.Moon · wall_segment Palisade Wall x1 |
| 16:15 | Tiranosaurio · wall_segment Palisade Wall x1 |
| 16:16 | Tiranosaurio · wall_segment Palisade Wall x1 |
| 16:46 | XEVER | Peinatequevengo · first_building Stable |
| 16:50 | mssguio · first_market_buy 100 wood |
| 16:52 | mssguio · first_market_sell 100 wood |
| 16:56 | [RUS-F]vov_chesn · first_building Barracks |
| 17:17 | [RUS-F]vov_chesn · age_up castle |
| 17:24 | [RUS-F]vov_chesn · first_building Castle |
| 17:25 | [RUS-F]Mr.Moon · wall_segment Stone Wall x1 |
| 17:26 | [RUS-F]Mr.Moon · wall_segment Stone Wall x1 |
| 17:30 | [RUS-F]Mr.Moon · wall_segment Stone Wall x1 |
| 17:32 | [RUS-F]Mr.Moon · wall_segment Stone Wall x1 |
| 17:33 | [RUS-F]Mr.Moon · wall_segment Stone Wall x1 |
| 17:34 | [RUS-F]Mr.Moon · wall_segment Stone Wall x1 |
| 18:09 | Tiranosaurio · first_building Stable |
| 18:12 | Tiranosaurio · wall_segment Palisade Wall x4 |
| 18:17 | [RUS-F]vov_chesn · wall_segment Palisade Wall x1 |
| 18:18 | [RUS-F]vov_chesn · wall_segment Palisade Wall x1 |
| 18:20 | [RUS-F]vov_chesn · wall_segment Palisade Wall x1 |
| 18:22 | [RUS-F]vov_chesn · wall_segment Palisade Wall x1 |
| 18:29 | [RUS-F]vov_chesn · wall_segment Palisade Wall x1 |
| 18:29 | [RUS-F]Mr.Moon · wall_segment Palisade Wall x1 |
| 18:30 | [RUS-F]Mr.Moon · wall_segment Palisade Wall x1 |
| 18:30 | [RUS-F]vov_chesn · wall_segment Palisade Wall x1 |
| 18:30 | [RUS-F]Mr.Moon · wall_segment Palisade Wall x1 |
| 18:31 | [RUS-F]Mr.Moon · wall_segment Palisade Wall x1 |
| 18:33 | [RUS-F]vov_chesn · wall_segment Palisade Wall x1 |
| 18:35 | [RUS-F]vov_chesn · wall_segment Palisade Wall x1 |
| 18:36 | [RUS-F]vov_chesn · wall_segment Palisade Wall x1 |
| 18:37 | [RUS-F]vov_chesn · wall_segment Palisade Wall x1 |
| 18:39 | [RUS-F]vov_chesn · wall_segment Palisade Wall x1 |
| 19:09 | Tiranosaurio · first_market_buy 100 food |
| 19:13 | Tiranosaurio · first_market_sell 100 wood |
| 19:26 | mssguio · age_up castle |
| 19:29 | [RUS-F] Lastman · age_up castle |
| 19:38 | [RUS-F]vov_chesn · first_market_buy 100 wood |
| 19:40 | XEVER | Peinatequevengo · first_market_sell 100 stone |
| 20:04 | Tiranosaurio · wall_segment Palisade Wall x4 |
| 20:11 | XEVER | Peinatequevengo · first_market_buy 100 wood |
| 20:38 | [RUS-F]Mr.Moon · wall_segment Palisade Wall x1 |
| 20:46 | Tiranosaurio · wall_segment Palisade Wall x1 |
| 21:51 | [RUS-F] Lastman · first_building Monastery |
| 22:05 | mssguio · first_building Monastery |
| 22:27 | XEVER | Peinatequevengo · age_up castle |
| 22:52 | Tiranosaurio · age_up castle |
| 23:52 | [RUS-F]Mr.Moon · wall_segment Palisade Wall x1 |
| 24:35 | [RUS-F]Mr.Moon · age_up castle |
| 24:43 | Tiranosaurio · wall_segment Palisade Wall x1 |
| 24:44 | [RUS-F]Mr.Moon · first_market_buy 100 stone |
| 24:49 | [RUS-F]Mr.Moon · first_building Castle |
| 26:48 | Tiranosaurio · first_building Castle |
| 27:38 | [RUS-F]Mr.Moon · wall_segment Stone Wall x1 |
| 27:40 | [RUS-F]Mr.Moon · wall_segment Stone Wall x1 |
| 27:42 | [RUS-F]Mr.Moon · wall_segment Stone Wall x1 |
| 27:43 | [RUS-F]Mr.Moon · wall_segment Stone Wall x1 |
| 28:00 | XEVER | Peinatequevengo · resign |
[ AI ANALYSIS · 1 CREDIT ]
What really happened in this match?
Wolo.gg analyzes every decision: build order, eco, micro, common mistakes by bracket. Personalized analysis on WhatsApp or Discord in 30 seconds.
Civ guide
Koreans
Perfil
Jugador #701482